AoeStats
← Super_Chloe

Arena

508263941Analyzed
1v1 RM · 11d ago on Sep 21, 2026· 40m 45s· 2 players
Game mode
Random Map
Map size
Tiny (2 player)
Population
200
Speed
Normal
Resources
Standard
Victory
Conquest
Starting age
Dark Age
Ending age
Imperial Age
RankedLock teamsTeams togetherTeam positionsShared explorationLock speedFull tech treeHidden civsTurbo modeCheats
Victory
Defeat
🇩🇪 Italians · Germany
1040
+17
🇺🇸 Britons · United States
1060
-17
AGCaesar
10:25 Feudal Age
14:16 Castle Age
13:22 Double-Bit Axe
13:20 Horse Collar
15:05 Town Watch
18:25 Loom
24:53 Wheelbarrow
24:42 Fletching
26:51 Bloodlines
27:16 Scale Barding Armor
27:56 Forging
29:24 Bow Saw
33:08 Imperial Age
32:26 Husbandry
33:41 Chain Barding Armor
33:57 Iron Casting
33:21 Cavalier
35:28 Plate Barding Armor
37:14 Blast Furnace
37:31 Hand Cart
38:01 Bodkin Arrow
39:02 Fortified Wall
39:06 Gold Mining
38:43 Light Cavalry
40:15 Conscription
41:22 Chemistry
40:27 Padded Archer Armor
40:09 Capped Ram
Super_Chloe
10:56 Feudal Age
14:47 Castle Age
12:55 Double-Bit Axe
13:06 Horse Collar
18:21 Loom
29:50 Imperial Age
27:16 Town Watch
28:47 Wheelbarrow
28:33 Fletching
28:48 Gold Mining
29:29 Bodkin Arrow
30:14 Bow Saw
30:51 Bracer
31:58 Conscription
31:42 Husbandry
32:15 Hand Cart
33:32 Two-Man Saw
33:19 Yeomen
32:51 Man-at-Arms
34:14 Hoardings
33:38 Long Swordsman
34:26 Stone Mining
34:41 Heavy Plow
34:56 Padded Archer Armor
35:46 Town Patrol
36:04 Two-Handed Swordsman
36:56 Forging
37:25 Ballistics
36:58 Gambesons
37:17 Squires
37:39 Arson
38:31 Pikeman
40:53 Chemistry
40:25 Fortified Wall
39:45 Halberdier
40:20 Elite Longbowman
Connection lost

Rejoining the realm…

Still unreachable

The connection could not be restored.

Session expired

The server has moved on; the page needs a fresh start.